AoeStats
← jaredcool101

Arabia

510204756Analyzed
1v1 RM · 2d ago on Sep 29, 2026· 43m 16s· 2 players
Game mode
Random Map
Map size
Tiny (2 player)
Population
200
Speed
Normal
Resources
Standard
Victory
Conquest
Starting age
Dark Age
Ending age
Imperial Age
RankedLock teamsTeams togetherTeam positionsShared explorationLock speedFull tech treeHidden civsTurbo modeCheats
Victory
Defeat
🇨🇴 Armenians · Colombia
708
+13
🇺🇸 Romans · United States
649
-13
jaredcool101
2:29 Loom
11:55 Feudal Age
12:38 Horse Collar
13:22 Man-at-Arms
14:54 Wheelbarrow
16:25 Scale Mail Armor
18:40 Town Watch
19:16 Double-Bit Axe
23:55 Castle Age
22:13 Fletching
25:08 Gold Mining
27:59 Gold Shaft Mining
28:32 Bow Saw
29:23 Heavy Plow
31:34 Hand Cart
33:33 Ballistas
34:04 Forging
38:20 Imperial Age
39:11 Ballistics
38:21 Heavy Scorpion
40:47 Iron Casting
40:30 Chain Mail Armor
41:19 Siege Engineers
41:04 Long Swordsman
41:45 Squires
Jusep Pedrerol
0:28 Loom
11:58 Feudal Age
13:21 Wheelbarrow
12:35 Horse Collar
12:47 Double-Bit Axe
12:27 Man-at-Arms
13:23 Horse Collar
15:42 Long Swordsman
17:38 Scale Mail Armor
18:00 Arson
18:39 Town Watch
19:38 Forging
26:19 Castle Age
26:27 Castle Age
25:35 Fletching
25:46 Padded Archer Armor
25:43 Gold Mining
25:46 Stone Mining
27:45 Bow Saw
28:13 Iron Casting
27:59 Hand Cart
27:51 Heavy Plow
27:17 Elite Skirmisher
27:45 Gambesons
28:10 Two-Handed Swordsman
29:24 Squires
30:41 Gold Shaft Mining
31:09 Champion
33:03 Chain Mail Armor
33:11 Ballistics
33:07 Town Patrol
35:12 Bodkin Arrow
35:34 Leather Archer Armor
39:15 Imperial Age
37:13 Pikeman
38:13 Masonry
38:00 Murder Holes
37:58 Halberdier
40:09 Fereters
39:28 Capped Ram
41:36 Blast Furnace
41:08 Conscription
41:44 Siege Ram
44:04 Chemistry
43:07 Bracer
Connection lost

Rejoining the realm…

Still unreachable

The connection could not be restored.

Session expired

The server has moved on; the page needs a fresh start.